Map: [EWC] Alcyone

Players

Maru - Winner!

  • Race: Terran Terran
  • Spawn Location: 7:00

Dark

  • Race: Zerg Zerg
  • Spawn Location: 1:00

Event: Esports World Cup 2024

VOD

Have the link to the VOD?

Description

Time

  • Played on: Aug. 15, 2024, 12:53 p.m.
  • Length: 8:00

All games in this series

Show
View Real Time Build Order
Export as new Build Order

Maru Terran - Winner!

Build Orders:  

Get SALT Encoding   

  12  0:00  SCV  
  13  0:12  SCV  
  14  0:17  Supply Depot  
  14  0:24  SCV  
  15  0:39  SCV  
  15  0:40  Barracks  
  16  0:43  Refinery  
  16  0:51  SCV  
  17  0:58  Barracks  
  17  1:03  SCV  
  18  1:15  SCV  
  19  1:18  Barracks  
  19  1:27  Reaper  
  20  1:34  Orbital Command  
  20  1:41  Refinery  
  20  1:46  Reaper  
  21  1:53  Supply Depot  
  21  2:00  SCV  
  22  2:03  Reaper  
  23  2:14  SCV  
  23  2:15  Reaper  
  25  2:19  Supply Depot  
  25  2:25  Reaper  
  25  2:26  SCV  
  27  2:38  SCV  
  27  2:43  Reaper  
  29  2:53  Reaper  
  29  2:54  Command Center  
  29  2:55  SCV  
  31  3:03  Reaper  
  32  3:07  SCV  
  33  3:19  SCV  
  34  3:21  Marine  
  34  3:27  Barracks Tech Lab  
  35  3:31  SCV  
  35  3:33  Factory  
  36  3:36  Engineering Bay  
  36  3:39  Barracks Reactor  
  36  3:40  Barracks Reactor  
  36  3:44  SCV  
  36  3:46  Marine  
  38  3:56  SCV  
  38  4:02  Stimpack  
  38  4:04  Marine  
  38  4:06  Orbital Command  
  38  4:08  SCV  
  40  4:12  Terran Infantry Weapons Level 1  
  40  4:15  Barracks Reactor x2  
  40  4:20  SCV  
  40  4:22  Marine  
  42  4:26  Refinery  
  42  4:31  Supply Depot  
  42  4:32  SCV  
  42  4:33  Starport  
  42  4:36  SCV  
  44  4:40  Marine  
  44  4:41  Factory Reactor  
  44  4:43  Supply Depot  
  45  4:47  SCV  
  45  4:48  SCV  
  45  4:51  Marine  
  45  4:52  Marine x3  
  51  4:57  Supply Depot, Marine  
  52  5:03  SCV x2  
  54  5:09  Marine x3  
  54  5:13  Marine  
  58  5:14  Supply Depot  
  58  5:15  SCV, Marine  
  58  5:20  Medivac x2  
  64  5:23  SCV  
  64  5:25  Factory Tech Lab  
  64  5:27  SCV, Marine x2  
  68  5:31  Refinery  
  68  5:35  Marine x3  
  70  5:37  SCV  
  70  5:39  Supply Depot  
  70  5:40  SCV  
  73  5:44  Siege Tank  
  73  5:45  Marine  
  73  5:49  SCV  
  78  5:51  Supply Depot, Combat Shield  
  78  5:53  Marine  
  78  5:56  Marine  
  78  5:57  Marine  
  80  6:03  Marine, Medivac  
  80  6:04  Marine  
  85  6:06  Terran Infantry Armor Level 1  
  85  6:11  Marine  
  85  6:14  Marine x2  
  85  6:16  Medivac  
  85  6:17  Supply Depot  
  90  6:21  Marine x2  
  92  6:29  Marine  
  92  6:32  Siege Tank, Marine x2  
  93  6:33  Medivac  
  93  6:39  Marine x2  
  91  6:47  Marine  
  83  6:50  Marine x2  
  83  6:52  Medivac  
  88  6:57  Marine x2  
  90  7:04  Marine  
  90  7:05  Siege Tank, Armory  
  90  7:08  Marine x2  
  96  7:15  Marine x2  
  98  7:20  Supply Depot, SCV  
  98  7:22  Marine  
  99  7:26  Marine x2  
  102  7:32  Marine  
  102  7:33  Marine  
  107  7:40  Marine  
  109  7:45  Supply Depot  
Show
View Real Time Build Order
Export as new Build Order

Dark Zerg 

Build Orders: Hatch First 

Get SALT Encoding   

  12  0:00  Drone  
  13  0:12  Overlord  
  13  0:18  Drone  
  14  0:30  Drone  
  14  0:31  Drone  
  16  0:48  Hatchery  
  15  0:52  Drone  
  15  0:56  Drone  
  17  0:59  Drone  
  18  1:10  Extractor  
  17  1:14  Spawning Pool  
  17  1:17  Drone  
  17  1:20  Drone  
  18  1:28  Drone  
  19  1:39  Drone  
  20  1:49  Drone  
  21  2:01  Queen x2  
  21  2:03  Zergling x4  
  27  2:10  Metabolic Boost  
  27  2:14  Zergling x2, Overlord  
  28  2:33  Zergling x2  
  28  2:34  Drone x2  
  31  2:37  Drone  
  31  2:39  Queen x2  
  36  2:49  Overlord  
  36  2:56  Overlord  
  36  3:09  Zergling x8  
  40  3:15  Queen x2  
  40  3:19  Zergling x8  
  48  3:24  Drone  
  49  3:28  Drone  
  49  3:33  Drone  
  51  3:41  Hatchery  
  50  3:45  Drone  
  50  3:46  Drone  
  50  3:57  Drone  
  50  4:00  Drone  
  50  4:01  Drone  
  50  4:02  Drone  
  51  4:09  Overlord  
  51  4:10  Drone  
  51  4:11  Overlord  
  51  4:12  Overlord  
  51  4:20  Overlord  
  51  4:26  Queen x2  
  51  4:28  Drone x2  
  57  4:32  Drone x2  
  57  4:35  Drone x4  
  63  4:39  Drone x2  
  63  4:43  Extractor  
  63  4:44  Drone  
  63  4:45  Drone  
  66  4:54  Drone x2  
  66  4:56  Queen  
  70  5:10  Drone x6, Hatchery  
  75  5:19  Drone x3  
  75  5:20  Evolution Chamber  
  77  5:22  Drone x2, Evolution Chamber  
  77  5:26  Drone x3  
  77  5:28  Drone  
  82  5:32  Drone x2  
  83  5:36  Drone x2  
  85  5:48  Zerg Melee Weapons Level 1, Zerg Ground Armor Level 1  
  85  5:51  Extractor x2  
  85  5:53  Drone x4  
  87  5:57  Lair  
  87  5:58  Drone, Hatchery, Extractor  
  87  6:02  Zergling x6  
  89  6:06  Overlord  
  89  6:07  Baneling Nest  
  89  6:08  Zergling x4  
  89  6:10  Overlord  
  90  6:13  Overlord  
  90  6:15  Overlord  
  90  6:18  Overlord  
  90  6:26  Zergling x12  
  90  6:30  Zergling x2  
  90  6:31  Zergling x10  
  98  6:36  Zergling x8  
  98  6:37  Queen  
  98  6:39  Zergling x4  
  95  6:43  Zergling x2  
  95  6:45  Queen  
  90  6:47  Zergling x2  
  90  6:49  Zergling x2  
  90  6:52  Zergling x4  
  92  6:55  Baneling x11  
  92  6:59  Zergling x2  
  93  7:01  Zergling x2  
  93  7:06  Zergling x10  
  93  7:08  Queen  
  100  7:11  Zergling x4  
  98  7:16  Queen  
  98  7:18  Zergling x4  
  98  7:21  Queen  
  104  7:25  Zergling x4  
  104  7:29  Zergling x8  
  110  7:35  Zergling x6  
Tags
 
Add a new tag
Caveats
  • Supply blocks, unpowered buildings, or Contaminate may cause inaccurate times.
  • Supply counts are checked every 10 seconds.